 Dungeon Crawl Stone Soup version 0.26.1-11-gd32895ea62 (webtiles) character file.

Game seed: 2702729041403215389

161591 nothank2 the Peltast (level 17, -4/158 HPs)
             Began as a Minotaur Fighter on June 24, 2021.
             Was the Champion of Makhleb.
             Slain by the 27-headed Lernaean hydra (6 damage)
             ... on level 4 of the Swamp on June 25, 2021.
             The game lasted 01:55:03 (26086 turns).

nothank2 the Peltast (Minotaur Fighter)            Turns: 26086, Time: 01:55:03

Health: -4/158     AC: 30    Str: 29    XL:     17   Next: 20%
Magic:  22/22      EV: 12    Int:  5    God:    Makhleb [******]
Gold:   2612       SH: 26    Dex: 14    Spells: 16/16 levels left

rFire    + . .     SeeInvis +   J - +9 demon whip
rCold    + + .     Faith    .   o - +2 tower shield
rNeg     + . .     Spirit   .   t - +5 plate armour {rC+}
rPois    .         Reflect  .   (helmet restricted)
rElec    +         Harm     .   D - +0 cloak
rCorr    .         Rampage  .   G - +2 pair of gloves
Will     ++...                  z - +1 pair of boots
Stlth    ..........             V - amulet "Eczis" {rN+ Regen+ Slay+3 SInv}
HPRegen  1.16/turn              I - ring of Buenaaff {rElec rC+ Will+ Dex+3 SInv}
MPRegen  0.18/turn              y - ring of protection from fire

@: lethally poisoned (-4 -> -19), very slow
A: retaliatory headbutt, horns 2, blurry vision 1, regeneration 1, strong 1
a: Renounce Religion, Minor Destruction, Lesser Servant of Makhleb, Major
Destruction, Greater Servant of Makhleb


You were on level 4 of the Swamp.
You worshipped Makhleb.
Makhleb was exalted by your worship.
You visited 5 branches of the dungeon, and saw 28 of its levels.
You also visited: Bailey, Ice Cave and Volcano.

You collected 4835 gold pieces.
You spent 2223 gold pieces at shops.

Inventory:

Hand Weapons
 J - a +9 demon whip (weapon)
 M - the +5 flail of Crystal {flame, rElec rC+ MP+9 Str+3}
   (You bought it in a shop on level 10 of the Dungeon)

   It has been specially enchanted to burn those struck by it, causing extra
   injury to most foes and up to half again as much damage against particularly
   susceptible opponents.
   It affects your strength (+3).
   It protects you from cold.
   It insulates you from electricity.
   It affects your magic capacity (+9).
Missiles
 g - 45 poisoned darts (quivered)
Armour
 o - a +2 tower shield (worn)
 r - a +1 plate armour of fire resistance
 t - a +5 plate armour of cold resistance (worn)
 z - a +1 pair of boots (worn)
 D - a +0 cloak (worn)
 G - a +2 pair of gloves (worn)
 R - a +0 crystal plate armour
Jewellery
 k - an uncursed ring of positive energy
 v - an uncursed ring of protection from cold
 y - a ring of protection from fire (right hand)
 E - an uncursed ring of protection from fire
 I - the ring of Buenaaff (left hand) {rElec rC+ Will+ Dex+3 SInv}
   (You bought it in a shop on level 10 of the Dungeon)

   [ring of protection from cold]

   It affects your dexterity (+3).
   It protects you from cold.
   It insulates you from electricity.
   It affects your willpower, your defense against some magical effects.
   It lets you see invisible.
 K - an uncursed ring of willpower
 V - the amulet "Eczis" (around neck) {rN+ Regen+ Slay+3 SInv}
   (You found it on level 3 of the Swamp)

   [amulet of regeneration]

   It affects your accuracy and damage with ranged weapons and melee attacks
   (+3).
   It protects you from negative energy.
   It lets you see invisible.
   It increases your rate of regeneration.
 X - a +6 ring of dexterity
Wands
 a - a wand of acid (21)
 e - a wand of random effects (48)
 l - a wand of iceblast (9)
 p - a wand of flame (67)
 A - a wand of polymorph (37)
 F - a wand of enslavement (21)
 P - a wand of digging (27)
 Q - a wand of disintegration (19)
Scrolls
 c - 2 scrolls of enchant weapon
 f - 4 scrolls of blinking
 h - 19 scrolls of identify
 i - 18 scrolls of remove curse
 j - 6 scrolls of amnesia
 m - 5 scrolls of fear
 q - 4 scrolls of immolation
 x - a scroll of magic mapping
 B - 13 scrolls of teleportation
 S - 2 scrolls of silence
 T - 2 scrolls of random uselessness
 U - a scroll of enchant armour
 W - a scroll of brand weapon {unknown}
Potions
 b - 7 potions of flight
 d - 4 potions of might
 n - 7 potions of lignification
 s - 4 potions of brilliance
 u - 6 potions of heal wounds
 w - 4 potions of haste
 C - 10 potions of curing
 H - 2 potions of cancellation
 L - 2 potions of resistance
 N - 3 potions of ambrosia
 O - 2 potions of berserk rage


   Skills:
 + Level 16.0 Fighting
 + Level 17.0 Maces & Flails
 + Level 15.2 Armour
 - Level 9.2 Dodging
 * Level 19.3 Shields
 + Level 9.1 Invocations


You had 16 spell levels left.
You didn't know any spells.
Your spell library contained the following spells:

 Spells                   Type           Power        Failure   Level
 Corona                   Hex            0%           99%         1
 Freeze                   Ice            0%           99%         1
 Magic Dart               Conj           0%           99%         1
 Sting                    Tmut/Pois      0%           99%         1
 Summon Small Mammal      Summ           0%           99%         1
 Blink                    Tloc           N/A          100%        2
 Call Imp                 Summ           0%           100%        2
 Ensorcelled Hibernation  Hex/Ice        0%           100%        2
 Poisonous Vapours        Pois/Air       0%           100%        2
 Searing Ray              Conj           0%           100%        2
 Slow                     Hex            0%           100%        2
 Call Canine Familiar     Summ           0%           100%        3
 Confusing Touch          Hex            0%           100%        3
 Conjure Flame            Conj/Fire      0%           100%        3
 Dazzling Flash           Conj/Hex       0%           100%        3
 Frozen Ramparts          Ice            0%           100%        3
 Ignite Poison            Fire/Tmut/Pois 0%           100%        3
 Mephitic Cloud           Conj/Pois/Air  0%           100%        3
 Ozocubu's Armour         Ice            0%           100%        3
 Summon Guardian Golem    Hex/Summ       0%           100%        3
 Tukima's Dance           Hex            0%           100%        3
 Cause Fear               Hex            0%           100%        4
 Fulminant Prism          Conj/Hex       0%           100%        4
 Hailstorm                Conj/Ice       0%           100%        4
 Ice Form                 Ice/Tmut       0%           100%        4
 Iskenderun's Mystic Bla  Conj/Tloc      0%           100%        4
 Olgreb's Toxic Radiance  Pois           0%           100%        4
 Summon Ice Beast         Ice/Summ       0%           100%        4
 Summon Lightning Spire   Summ/Air       0%           100%        4
 Metabolic Englaciation   Hex/Ice        0%           100%        5
 Silence                  Hex/Air        0%           100%        5
 Yara's Violent Unravell  Hex/Tmut       0%           100%        5
 Freezing Cloud           Conj/Ice/Air   0%           100%        6
 Ozocubu's Refrigeration  Ice            0%           100%        6
 Simulacrum               Ice/Necr       0%           100%        6
 Malign Gateway           Summ/Tloc      0%           100%        7
 Monstrous Menagerie      Summ           0%           100%        7
 Summon Greater Demon     Summ           0%           100%        7
 Discord                  Hex            0%           100%        8
 Summon Horrible Things   Summ           0%           100%        8


Dungeon Overview and Level Annotations

Branches:
Dungeon (15/15) Temple (1/1) D:4 Lair (6/6) D:8 Swamp (4/4) Lair:3 Spider (0/4) Lair:4 Slime (0/5) Lair:6 Orc (2/2) D:10 Elf (0/3) Orc:2 Vaults (0/5) D:12 D:13 Depths (0/5) D:15 Bailey (visited) IceCv (visited) Volcano (visited)

Altars:
Cheibriados
Dithmenos
Elyvilon
Fedhas
Hepliaklqana
Kikubaaqudgha
Makhleb
Nemelex Xobeh
Okawaru
Qazlal
Sif Muna
Trog
Uskayaw
Vehumet
Zin
The Shining One
Beogh

Shops:
D:3 *   D:6 !   D:10 ?(((=   Orc:1 (   Orc:2 *[*!

Annotations:
D:4 Blork the orc
Lair:1 2 transporters, oc3rt's ghost, journeyman KoHu
Lair:5 exclusion: 4 oklob plants
Swamp:3 exclusion: 2 lightning spires
Swamp:4 Lernaean hydra


Innate Abilities, Weirdness & Mutations

You reflexively headbutt those who attack you in melee.
You have a pair of horns on your head.
Scrolls take you a little longer to read.
Your natural rate of healing is unusually fast.
Your muscles are strong. (Str +2)


Message History

The noxious blast engulfs the 27-headed Lernaean hydra but does no damage.
The 27-headed Lernaean hydra bites you but does no damage. x3
The 27-headed Lernaean hydra closely misses you.
The 27-headed Lernaean hydra bites you but does no damage. x3
You block the 27-headed Lernaean hydra's attack. x2
The 27-headed Lernaean hydra closely misses you.
The 27-headed Lernaean hydra bites you but does no damage.
The 27-headed Lernaean hydra closely misses you.
The 27-headed Lernaean hydra bites you but does no damage. x3
The 27-headed Lernaean hydra closely misses you.
You block the 27-headed Lernaean hydra's attack.
The 27-headed Lernaean hydra bites you!
* * * LOW HITPOINT WARNING * * *
The 27-headed Lernaean hydra bites you.
* * * LOW HITPOINT WARNING * * *
The 27-headed Lernaean hydra bites you.
* * * LOW HITPOINT WARNING * * *
The 27-headed Lernaean hydra bites you but does no damage. x3
The 27-headed Lernaean hydra bites you.
You die...

♣..≈...≈♣.≈≈§♣♣♣ ♣♣♣♣♣♣♣.§
♣♣♣≈≈≈.♣♣♣≈≈≈≈≈.(♣♣♣ ♣.^.≈.♣≈≈
♣♣≈≈.≈≈≈<<♣.≈≈≈≈≈≈..♣ ♣.≈≈≈^♣.≈
♣.≈≈..≈≈≈♣♣.≈§≈≈≈§≈≈♣ ♣≈≈≈.♣♣♣♣
♣.≈≈..≈≈≈♣♣♣.≈≈.≈≈≈≈♣♣♣♣.≈.♣
♣♣≈.≈≈.≈..§....≈≈≈≈≈.♣♣♣.≈≈♣♣
♣♣≈♣♣♣♣.≈§≈.....≈≈≈.♣♣≈≈≈..♣ ♣
♣♣♣♣.[†≈§§≈○≈≈○≈≈≈♣♣♣.≈≈.♣♣♣♣
♣♣.≈.≈≈§≈≈≈≈○@○○..♣♣♣....♣♣ ♣.
♣♣....§≈§≈≈≈§○DD§♣♣♣♣..≈≈♣♣♣♣≈.
♣.≈.≈≈≈.≈≈≈≈≈○○○○D..≈..♣♣♣♣.≈♣≈
♣♣≈≈≈.♣♣.≈≈≈.§§≈D♣≈≈..≈♣♣♣....≈
♣≈.≈.♣♣.≈≈≈≈≈≈Dk≈§≈≈≈≈.♣♣≈....
♣♣♣♣♣♣♣.≈≈≈≈§≈§§≈D§k§≈≈≈.≈≈...
♣♣.≈§≈≈.....≈≈...§.≈≈...
♣≈.≈.....≈§≈.°≈≈≈...≈.#
♣......≈.≈§≈.≈≈≈...§...


You could see the 27-headed Lernaean hydra, 5 swamp dragons and 2 swamp drakes.

Vanquished Creatures
  The ghost of Piask the Bludgeoner, an adept FoAK of Lugonu (Swamp:3)
  Kirke (Swamp:3)
  Agnes (D:15)
  2 thorn hunters
  A frost giant (IceCv)
  An orc warlord (Orc:1)
  Aizul (Swamp:2)
  A stone giant (Orc:2)
  2 bunyips
  2 fire dragons
  27 hydras
  2 catoblepae
  5 boulder beetles
  Erolcha (Orc:1)
  3 centaur warriors
  10 two-headed ogres
  2 ghost crabs
  5 alligators
  7 death yaks
  Urug (Lair:4)
  2 tengu warriors
  An orc high priest (Orc:1)
  2 unseen horrors
  2 goliath frogs
  6 bog bodies
  3 skeletal warriors (D:11)
  2 wizards
  4 spriggan druids
  6 swamp dragons
  A deep elf mage (D:15)
  4 manticores
  2 wolf spiders (D:15)
  A cyclops (D:14)
  2 orc sorcerers
  4 orc knights
  3 salamanders (Volcano)
  7 ugly things
  A salamander (shapeshifter) (D:14)
  9 will-o-the-wisps
  4 black mambas
  An ice statue (IceCv)
  Maurice (Orc:1)
  Joseph (D:9)
  8 elephants
  3 centaur skeletons
  Psyche (D:10)
  A naga mage (D:15)
  A storm dragon simulacrum (D:15)
  5 gargoyles
  14 cane toads
  A demonic crawler (Lair:4)
  2 kobold demonologists
  19 komodo dragons
  2 freezing wraiths (D:15)
  A redback zombie (D:15)
  6 rime drakes
  2 ice devils (Lair:6)
  A tengu conjurer (D:14)
  27 polar bears
  A merfolk (shapeshifter) (D:15)
  4 hornets
  3 trolls
  Grinder (D:5)
  3 slime creatures (D:14)
  7 blink frogs (Lair:3)
  5 tyrant leeches
  14 dream sheep
  A meliai zombie (D:11)
  2 raiju (Lair:6)
  6 spriggans
  A vampire (D:13)
  2 shadows (D:10)
  Eustachio (D:6)
  46 yaks
  4 wraiths
  4 fire bats (Volcano)
  8 wyverns
  16 humans (D:12)
  6 basilisks
  3 hogs (Swamp:3)
  Grum (D:8)
  9 vampire mosquitoes
  5 steam dragons
  6 wargs
  11 swamp worms
  Menkaure (D:5)
  3 acid dragons (Lair:6)
  11 water moccasins
  38 orc warriors
  5 ice beasts
  7 swamp drakes
  17 hell hounds
  3 sky beasts
  14 black bears
  A hornet zombie (D:8)
  11 ogres
  4 phantoms
  3 necrophages (D:6)
  73 wolves
  21 centaurs
  6 big kobolds
  20 bullfrogs
  2 wyvern zombies
  9 gnoll sergeants
  A wyvern skeleton (D:14)
  6 scorpions
  A troll zombie (D:10)
  21 wights
  5 howler monkeys
  2 electric eels
  A crimson imp (D:8)
  2 bullfrog zombies
  A quasit (D:7)
  4 hounds
  3 centaur zombies
  Crazy Yiuf (D:3)
  A bullfrog skeleton (D:11)
  6 gnoll shamans (Bailey)
  18 orc priests
  8 jellies
  19 orc wizards
  Jessica (D:3)
  Natasha (twice) (D:4)
  Terence (D:2)
  17 worker ants
  Ijyb (D:5)
  6 iguanas
  4 hell rats (Lair:4)
  7 ogre zombies (D:10)
  3 hound zombies
  2 worker ant zombies
  17 gnolls
  A howler monkey skeleton (D:4)
  13 adders
  A shadow imp (D:5)
  2 white imps
  5 oozes
  4 worms
  5 dart slugs
  7 leopard geckos
  93 orcs
  6 bats
  7 giant cockroaches
  8 goblins
  5 hobgoblins
  19 jackals
  3 quokkas
  2 ball pythons
  8 frilled lizards
  2 goblin skeletons (D:8)
  8 goblin zombies
  A hobgoblin skeleton (D:10)
  A hobgoblin zombie (D:8)
  34 kobolds
  2 leopard gecko skeletons (D:4)
  A leopard gecko zombie (D:6)
  10 orc skeletons
  13 orc zombies
  A quokka skeleton (D:7)
  5 rats
1086 creatures vanquished.

Vanquished Creatures (others)
  A bloated husk (Swamp:3)
  2 ball lightnings (Swamp:3)
  5 bushes (D:6)
  20 foxfires
  19 fungi
  97 plants
144 creatures vanquished.

Grand Total: 1230 creatures vanquished

Notes
Turn   | Place    | Note
-------+----------+-------------------------------------------
     0 | D:1      | nothank2 the Minotaur Fighter began the quest for the Orb.
     0 | D:1      | Reached XP level 1. HP: 19/19 MP: 0/0
   178 | D:1      | Reached XP level 2. HP: 24/26 MP: 1/1
   212 | D:1      | You fall into a shaft and drop 1 floor!
   621 | D:1      | Reached XP level 3. HP: 29/31 MP: 2/2
   931 | D:2      | Reached skill level 5 in Maces & Flails
  1260 | D:2      | Reached XP level 4. HP: 36/39 MP: 3/3
  1320 | D:2      | Noticed Terence
  1327 | D:2      | Killed Terence
  1837 | D:3      | Reached XP level 5. HP: 42/45 MP: 4/4
  1890 | D:3      | Found a glowing silver altar of Zin.
  1893 | D:3      | Found Zin's Purification Station.
  2293 | D:3      | Noticed Jessica
  2302 | D:3      | Killed Jessica
  2716 | D:3      | Found a runed translucent door.
  2717 | D:3      | Noticed Crazy Yiuf
  2723 | D:3      | Killed Crazy Yiuf
  2866 | D:4      | Noticed an orc warrior
  2866 | D:4      | Noticed an orc warrior
  2888 | D:4      | Killed an orc warrior
  2889 | D:4      | Reached XP level 6. HP: 27/51 MP: 5/5
  3439 | D:4      | Killed an orc warrior
  3594 | D:4      | Found a staircase to the Ecumenical Temple.
  3612 | D:4      | Reached XP level 7. HP: 57/57 MP: 6/6
  3623 | Temple   | Entered the Ecumenical Temple
  3642 | Temple   | Became a worshipper of Makhleb the Destroyer
  3800 | D:4      | Noticed Natasha
  3807 | D:4      | Killed Natasha
  3887 | D:4      | Got a scintillating amber ring
  3944 | D:4      | HP: 3/85 [orc priest/divine providence (11)]
  3946 | D:4      | Gained mutation: Your muscles are strong. (Str +2) [potion
                  | of mutation]
  3946 | D:4      | Gained mutation: Scrolls take you a little longer to read.
                  | [potion of mutation]
  3946 | D:4      | Gained mutation: Your natural rate of healing is unusually
                  | fast. [potion of mutation]
  3990 | D:4      | Reached skill level 10 in Maces & Flails
  4189 | D:4      | Noticed Blork the orc
  4202 | D:4      | Found a shimmering blue altar of Sif Muna.
  4302 | D:4      | Noticed Natasha
  4309 | D:4      | Killed Natasha
  4514 | D:5      | Entered Level 5 of the Dungeon
  4576 | D:5      | Noticed Menkaure
  4580 | D:5      | Killed Menkaure
  4651 | D:5      | Reached XP level 8. HP: 64/64 MP: 7/7
  4662 | D:5      | Noticed Grinder
  4670 | D:5      | Paralysed by Grinder for 7 turns
  4680 | D:5      | Killed Grinder
  4681 | D:5      | Reached skill level 1 in Dodging
  4681 | D:5      | Reached skill level 4 in Shields
  4717 | D:5      | Reached * piety under Makhleb
  4718 | D:5      | Reached skill level 5 in Shields
  4730 | D:5      | Noticed Ijyb
  4737 | D:5      | Killed Ijyb
  5024 | D:6      | Noticed Eustachio
  5047 | D:6      | Killed Eustachio
  5076 | D:6      | Reached skill level 6 in Shields
  5112 | D:6      | Reached skill level 5 in Armour
  5178 | D:6      | Found Qeofrurph's Distillery.
  5203 | D:6      | Bought a potion of curing for 42 gold pieces
  5244 | D:6      | Reached skill level 7 in Shields
  5434 | D:6      | Reached XP level 9. HP: 70/70 MP: 8/8
  5646 | D:6      | Found a blossoming altar of Fedhas.
  5664 | D:6      | Reached skill level 8 in Shields
  5666 | D:6      | Reached ** piety under Makhleb
  6057 | D:7      | Reached skill level 9 in Shields
  6306 | D:7      | Reached skill level 10 in Shields
  6317 | D:7      | Reached *** piety under Makhleb
  6379 | D:7      | Found a hide-covered altar of Uskayaw.
  6380 | D:7      | Found a hazy altar of Hepliaklqana.
  6574 | D:7      | Identified the ring of Guodaot {Wiz rN+ Will- Int+2} (You
                  | found it on level 4 of the Dungeon)
  6683 | D:8      | Found a staircase to the Lair.
  6758 | D:8      | Reached XP level 10. HP: 77/77 MP: 9/9
  6891 | D:8      | Reached skill level 11 in Shields
  6891 | D:8      | Noticed a two-headed ogre
  6902 | D:8      | Killed a two-headed ogre
  6995 | D:8      | Noticed Grum
  7020 | D:8      | Reached skill level 12 in Shields
  7080 | D:7      | HP: 1/77 [wolf[Grum] (6)]
  7184 | D:8      | Found a glowing golden altar of the Shining One.
  7377 | D:8      | Killed Grum
  7551 | D:9      | Found a flagged portal.
  7553 | D:9      | Noticed a gargoyle
  7580 | D:9      | Killed a gargoyle
  7601 | D:9      | Reached **** piety under Makhleb
  7645 | D:9      | Reached skill level 13 in Shields
  7653 | Bailey   | Entered a bailey
  7927 | Bailey   | Reached skill level 5 in Fighting
  8258 | D:9      | Noticed Joseph
  8274 | D:9      | Killed Joseph
  8342 | D:9      | Reached XP level 11. HP: 88/88 MP: 10/10
  8553 | D:10     | Entered Level 10 of the Dungeon
  8581 | D:10     | Found Esuipuq's Jewellery Shop.
  8584 | D:10     | Bought the ring of Buenaaff {rElec rC+ Will+ Dex+3 SInv}
                  | for 606 gold pieces
  8751 | D:10     | Found Plog's Antique Weapon Shoppe.
  8752 | D:10     | Found Joricauc's Weapon Boutique.
  8807 | D:10     | Bought a +4 demon whip for 481 gold pieces
  8904 | D:10     | Reached ***** piety under Makhleb
  8913 | D:10     | Noticed a two-headed ogre
  8925 | D:10     | Killed a two-headed ogre
  8985 | D:10     | Found a staircase to the Orcish Mines.
  9016 | D:10     | Found Sifattaacs's Antique Weapon Emporium.
  9042 | D:10     | Bought a faintly glowing flail for 170 gold pieces
  9346 | D:10     | Noticed Psyche
  9355 | D:10     | Killed Psyche
  9444 | D:10     | Found Okloe's Magic Scroll Shoppe.
  9452 | D:10     | Bought a scroll of enchant weapon for 97 gold pieces
  9562 | Lair:1   | Entered Level 1 of the Lair of Beasts
  9586 | Lair:1   | Noticed oc3rt's ghost (journeyman KoHu)
  9587 | Lair:1   | Found a transporter.
  9788 | Lair:1   | Found a transporter.
 10288 | Lair:1   | Noticed an eight-headed hydra
 10294 | Lair:1   | Killed an eight-headed hydra
 10816 | Lair:2   | Reached skill level 10 in Fighting
 10834 | Lair:2   | Reached XP level 12. HP: 105/106 MP: 11/11
 10878 | Lair:2   | Found a dark tunnel.
 10895 | Volcano  | Entered a volcano
 10898 | Volcano  | Noticed a two-headed ogre
 10898 | Volcano  | Noticed a two-headed ogre
 10905 | Volcano  | Killed a two-headed ogre
 10909 | Volcano  | Killed a two-headed ogre
 11033 | Volcano  | Reached skill level 15 in Maces & Flails
 11132 | Volcano  | Reached ****** piety under Makhleb
 11164 | Volcano  | Noticed a two-headed ogre
 11173 | Volcano  | Killed a two-headed ogre
 11198 | Volcano  | Noticed a fire dragon
 11210 | Volcano  | Killed a fire dragon
 11522 | Volcano  | Identified the +5 flail of Crystal {flame, rElec rC+ MP+9
                  | Str+3} (You bought it in a shop on level 10 of the Dungeon)
 12203 | Lair:3   | Reached skill level 1 in Invocations
 12206 | Lair:3   | Reached XP level 13. HP: 117/119 MP: 12/12
 12611 | Lair:3   | Found a staircase to the Swamp.
 12663 | Lair:3   | Reached skill level 10 in Armour
 13361 | Lair:4   | Reached skill level 5 in Invocations
 13559 | Lair:4   | Noticed Urug
 13571 | Lair:4   | Killed Urug
 13572 | Lair:4   | Reached skill level 5 in Dodging
 13596 | Lair:4   | Found a hole to the Spider Nest.
 14367 | Lair:5   | Reached XP level 14. HP: 129/130 MP: 17/17
 14462 | Lair:5   | Reached skill level 14 in Shields
 14921 | Lair:6   | Entered Level 6 of the Lair of Beasts
 15006 | Lair:6   | Found a frozen archway.
 15029 | IceCv    | Entered an ice cave
 15472 | IceCv    | Noticed a frost giant
 15515 | IceCv    | Killed a frost giant
 15912 | Lair:6   | Found a staircase to the Slime Pits.
 16542 | Lair:6   | Reached XP level 15. HP: 136/139 MP: 19/19
 16621 | Lair:6   | Reached skill level 15 in Shields
 17287 | D:11     | Reached skill level 15 in Fighting
 18709 | D:13     | Found a gate to the Vaults.
 18852 | D:13     | Reached skill level 16 in Shields
 18936 | D:13     | Found a stormy altar of Qazlal.
 20143 | D:15     | Entered Level 15 of the Dungeon
 20290 | D:15     | Reached skill level 17 in Shields
 20341 | D:15     | Found a staircase to the Depths.
 20424 | D:15     | Reached XP level 16. HP: 149/149 MP: 21/21
 20451 | D:15     | Noticed Agnes
 20479 | D:15     | Killed Agnes
 21138 | Orc:1    | Entered Level 1 of the Orcish Mines
 21168 | Orc:1    | Noticed Maurice
 21188 | Orc:1    | Killed Maurice
 21531 | Orc:1    | Found a roughly hewn altar of Beogh.
 21704 | Orc:1    | Found Kyukhloli's Antique Weapon Boutique.
 21849 | Orc:1    | You fall into a shaft and drop 1 floor!
 21849 | Orc:2    | Entered Level 2 of the Orcish Mines
 21850 | Orc:2    | Noticed Erolcha
 21856 | Orc:1    | Killed Erolcha
 22002 | Orc:2    | Reached skill level 18 in Shields
 22542 | Orc:2    | Found Ysidauny's Armour Shop.
 22542 | Orc:2    | Found Zyxt's General Store.
 22544 | Orc:2    | Found Ehanusoc's Distillery.
 22546 | Orc:2    | Found Eptye's General Store.
 22551 | Orc:2    | Bought a +4 plate armour of cold resistance for 700 gold
                  | pieces
 22558 | Orc:2    | Bought a scroll of enchant armour for 127 gold pieces
 22617 | Orc:2    | Found a staircase to the Elven Halls.
 23191 | Swamp:1  | Entered Level 1 of the Swamp
 23220 | Swamp:1  | You fall into a shaft and drop 1 floor!
 23295 | Swamp:2  | Noticed Aizul
 23326 | Swamp:2  | Killed Aizul
 24551 | Swamp:3  | Noticed a thorn hunter
 24561 | Swamp:3  | Killed a thorn hunter
 24996 | Swamp:3  | Noticed Kirke
 25005 | Swamp:3  | Noticed a sphinx
 25008 | Swamp:3  | Killed Kirke
 25042 | Swamp:3  | Found a runed translucent door.
 25045 | Swamp:3  | Noticed Piask's ghost (adept FoAK)
 25047 | Swamp:3  | Identified the +8 spear of Mynil {vorpal, Dex+5 Stlth-}
 25179 | Swamp:3  | Killed Piask's ghost
 25185 | Swamp:3  | Reached skill level 15 in Armour
 25236 | Swamp:3  | Got a crude tin amulet
 25242 | Swamp:3  | Identified the amulet "Eczis" {rN+ Regen+ Slay+3 SInv} (You
                  | found it on level 3 of the Swamp)
 25271 | Swamp:4  | Entered Level 4 of the Swamp
 25335 | Swamp:4  | Reached skill level 19 in Shields
 25425 | Swamp:4  | Reached XP level 17. HP: 158/158 MP: 22/22
 26073 | Swamp:4  | Noticed the 27-headed Lernaean hydra
 26086 | Swamp:4  | HP: 5/158 [the 27-headed Lernaean hydra (4)]
 26086 | Swamp:4  | HP: 2/158 [the 27-headed Lernaean hydra (3)]
 26086 | Swamp:4  | Slain by the 27-headed Lernaean hydra

Illustrated notes

Levels and vault maps discovered:
D:1:      enne_arrival_octagon_isle, layout_loops_cross
D:2:      layout_basic, uniq_terence
D:3:      minmay_inner_zag, layout_loops_ring, zin_purify, uniq_jessica,
          uniq_crazy_yiuf_cottage
D:4:      cheibrodos_pilgrimage, layout_loops_ring, tgw_sif,
          minmay_temple_entry_crystal_x, uniq_natasha
D:5:      layout_basic, uniq_grinder, uniq_ijyb, uniq_menkaure
D:6:      layout_loops_ring, serial_shops, shop, fedhas_altar_decomposition,
          uniq_eustachio
D:7:      layout_cave_pools, gammafunk_temple_overflow_pools
D:8:      layout_rooms, lair_entry_dummy, nicolae_tso_besieged_by_evil,
          uniq_grum
D:9:      layout_rooms, enter_bailey_2, uniq_joseph
D:10:     layout_grid_maze, zombieorc2_lemuel, serial_shops,
          kennysheep_mini_moat, shop, nicolae_shop_window_shopping, shop,
          nicolae_shop_trees, uniq_psyche
D:11:     layout_rooms
D:12:     layout_cave_pods
D:13:     layout_layer_cave, david_vaults_3, fountainhead,
          nicolae_qazlal_style_of_elements
D:14:     layout_roguey, minmay_misc_feat_columns
D:15:     hangedman_depths_entry_try_elsewhere_first, layout_long_grid,
          serial_bayou_pond_a, uniq_agnes
Temple:   eino_narrow_crystal_temple
Lair:1:   layout_hall_layers, gammafunk_ghost_arena,
          nicolae_quartered_pool_medium, chequers_serial_rivers_small_3
Lair:2:   layout_big_grid, enter_volcano_3, grunt_forest_large_clearing_hut,
          serial_bayou_shore_b
Lair:3:   layout_gridlike, skrybe_swamp_entry_bodies, wad_woods_road_02,
          minmay_shattered_shrine, infiniplex_staircase_pool
Lair:4:   layout_layer_cave, nicolae_spider_entry_non_spiders,
          grunt_forest_large_clearings, uniq_urug
Lair:5:   layout_cave_shapes, grunt_megastairs_5, minmay_lair_oklob_chamber
Lair:6:   guppyfry_lair_end_dragon, layout_small_grid,
          hangedman_lair_caniforms_friends, nicolae_slime_entry_slimehenge,
          portal_ice_cave_demonic_guard, st_stairs_5, grunt_megastairs_4
Swamp:1:  layout_basic_swamp, evilmike_swamp_ruin_house_1
Swamp:2:  layout_falls_marsh, evilmike_swamp_ruin_house_3, uniq_aizul
Swamp:3:  layout_basic_swamp, ebering_ghost_funeral_grove,
          evilmike_swamp_ruin_rubble_1, hangedman_swamp_phenomena, uniq_kirke
Swamp:4:  swamp_old_school, layout_basic_swamp
Orc:1:    layout_caves, serial_shops, shop_fountains, bh_open_orc_temple,
          uniq_maurice
Orc:2:    st_orc_rangers, layout_caves, nicolae_orc_lava_tube, uniq_erolcha

Skill      XL: |  1  2  3  4  5  6  7  8  9 10 11 12 13 14 15 16 17 |
---------------+----------------------------------------------------+-----
Maces & Flails | 3 4 5 6 8 9 11 14 16 17 | 17.0
Armour         | 5 8 9 10 12 13 15 | 15.2
Dodging        | 2 5 8 9 |  9.2
Shields        | 7 10 13 14 17 19 | 19.3
Fighting       | 5 10 12 13 14 15 16 | 16.0
Invocations    | 1 5 7 8 9 |  9.1

Action                   |  1- 3 |  4- 6 |  7- 9 | 10-12 | 13-15 | 16-18 || total
-------------------------+-------+-------+-------+-------+-------+-------++-------
Melee: Flail             |   108 |   196 |   415 |       |       |       ||   719
       Headbutt          |     9 |    34 |    89 |   229 |   482 |   207 ||  1050
       Unarmed           |       |       |     2 |       |       |       ||     2
       Morningstar       |       |       |    45 |   407 |       |       ||   452
       Demon whip        |       |       |       |   522 |  1526 |   734 ||  2782
Throw: Stone             |       |       |     2 |       |       |       ||     2
       Boomerang         |       |       |     7 |       |       |       ||     7
       Dart              |       |       |     1 |    13 |    19 |     9 ||    42
Invok: Lesser Servant of |       |       |       |       |     1 |       ||     1
       Minor Destruction |       |       |       |       |     1 |       ||     1
Evoke: Wand              |       |       |       |       |       |     7 ||     7
  Use: Potion            |       |       |     5 |     1 |     1 |     7 ||    14
       Scroll            |       |       |    13 |    17 |    13 |     3 ||    46
 Stab: Petrified         |       |       |       |       |     8 |       ||     8
Armor: Scale mail        |    41 |    10 |       |       |       |       ||    51
       Plate armour      |       |    47 |   130 |   262 |   435 |   265 ||  1139
       Skin              |       |       |   101 |       |       |       ||   101
Dodge: Dodged            |    24 |    13 |    42 |   116 |   222 |   146 ||   563
Block: Kite shield       |    43 |       |       |       |       |       ||    43
       Tower shield      |    10 |   175 |   360 |   814 |  1214 |   681 ||  3254
